 Dungeon Crawl Stone Soup version 0.21.0-37-g46506fa (webtiles) character file.

13728 Monsterracer the Thaumaturge (level 12, -2/89 HPs)
             Began as a Gnoll Wizard on Feb 1, 2018.
             Was a Follower of Uskayaw.
             Slain by a black mamba (8 damage)
             ... on level 3 of the Lair of Beasts.
             The game lasted 00:33:38 (11753 turns).

Monsterracer the Thaumaturge (Gnoll Wizard)        Turns: 11753, Time: 00:33:39

Health: -2/89      AC: 15    Str: 11    XL:     12   Next: 9%
Magic:  16/25      EV: 15    Int: 24    God:    Uskayaw [*.....]
Gold:   600        SH:  0    Dex: 16    Spells: 16/30 levels left

rFire    . . .     SeeInvis .   b - +1 dagger (speed)
rCold    + . .     Gourm    .   (no shield)
rNeg     . . .     Faith    .   J - +3 ring mail of Dice, Bag, and Bottle {Str+2}
rPois    .         Spirit   .   s - +1 helmet
rElec    .         Reflect  .   x - +2 cloak
rCorr    .         Harm     .   (no gloves)
MR       .....                  (no boots)
Stlth    +++.......             m - amulet of regeneration
HPRegen  0.64/turn              M - +3 ring of slaying
MPRegen  0.19/turn              D - ring of protection from cold {!d}

@: lethally poisoned (-2 -> -6)
A: distributed training, fangs 1, strong nose
a: Stomp, Renounce Religion


You were on level 3 of the Lair of Beasts.
You worshipped Uskayaw.
Uskayaw was noncommittal.
You were not hungry.

You visited 2 branches of the dungeon, and saw 11 of its levels.
You also visited: Ossuary.

You collected 600 gold pieces.

Inventory:

Hand Weapons
 a - a +1 hand axe of electrocution
 b - a +1 dagger of speed (weapon)
 q - a +0 rapier
 A - a +4 spear
 K - a +3 scimitar of flaming
Missiles
 z - 2 throwing nets (quivered)
 E - 5 javelins
Armour
 e - a +1 robe of the Archmagi
 i - a +1 robe of magic resistance
 s - a +1 helmet (worn)
 x - a +2 cloak (worn)
 J - the +3 ring mail of Dice, Bag, and Bottle (worn) {Str+2}
   (You found it on level 7 of the Dungeon)

   It affects your strength (+2).
 L - a +2 robe of resistance
Jewellery
 m - an amulet of regeneration (around neck)
 D - a ring of protection from cold (right hand) {!d}
 M - a +3 ring of slaying (left hand)
 P - a +2 amulet of reflection
Wands
 k - a wand of flame (79)
 n - a wand of paralysis (14)
 N - a wand of digging (15)
 O - a wand of acid (14)
 Q - a wand of enslavement (17)
Scrolls
 h - 6 scrolls of teleportation
 l - a scroll of fog
 p - 3 scrolls of remove curse
 r - 5 scrolls of identify
 v - 5 scrolls of amnesia
 w - a scroll of magic mapping {!r}
 G - a scroll of enchant weapon
 I - 2 scrolls of fear {!r}
Potions
 d - 2 potions of cancellation
 f - 2 potions of lignification
 g - 9 potions of curing
 j - 2 potions of haste
 o - a potion of brilliance
 t - 3 potions of flight
 u - 6 potions of agility
 y - 4 potions of mutation {!q}
 B - a potion of ambrosia {!q}
 F - 2 potions of might
 H - 2 potions of heal wounds
Comestibles
 c - 19 rations


   Skills:
 + Level 6.8 Fighting
 + Level 6.8 Short Blades
 + Level 6.8 Long Blades
 + Level 6.8 Axes
 + Level 6.8 Maces & Flails
 + Level 6.8 Polearms
 + Level 6.8 Staves
 + Level 6.8 Slings
 + Level 6.8 Bows
 + Level 6.8 Crossbows
 + Level 6.8 Throwing
 + Level 6.8 Armour
 + Level 8.3 Dodging
 + Level 8.1 Stealth
 + Level 6.8 Shields
 + Level 6.8 Unarmed Combat
 + Level 9.9 Spellcasting
 + Level 6.1 Conjurations
 + Level 5.6 Hexes
 + Level 5.6 Charms
 + Level 6.1 Summonings
 + Level 5.6 Necromancy
 + Level 6.1 Translocations
 + Level 5.6 Transmutations
 + Level 5.6 Fire Magic
 + Level 5.6 Ice Magic
 + Level 5.6 Air Magic
 + Level 5.6 Earth Magic
 + Level 5.6 Poison Magic
 + Level 7.5 Invocations
 + Level 6.8 Evocations


You had 16 spell levels left.
You knew the following spells:

 Your Spells              Type           Power        Failure   Level  Hunger
a - Magic Dart            Conj           ####         1%          1    None
b - Conjure Flame         Conj/Fire      #####...     3%          3    None
c - Mephitic Cloud        Conj/Pois/Air  #####...     3%          3    None
d - Olgreb's Toxic Radia  Pois           #####...     11%         4    #......
e - Blink                 Tloc           N/A          1%          2    None
z - Apportation           Tloc           #####.       1%          1    None


Dungeon Overview and Level Annotations

Branches:
Dungeon (8/15)             Temple (0/1) D:5            Lair (3/6) D:8
  Swamp: Lair:2-4    Shoals: Lair:2-4     Snake: Lair:2-4    Spider: Lair:2-4

Altars:
Ashenzari
Elyvilon
Kikubaaqudgha
Nemelex Xobeh
Uskayaw
Zin


Innate Abilities, Weirdness & Mutations

Your experience applies equally to all skills.
You have very sharp teeth.
Your uncanny sense of smell can sniff out nearby items.


Message History

You bite the black mamba, but do no damage.
The black mamba is moderately wounded.
You feel sick.
You take 1 damage, and have 56/89 hp.
You hear the crackle of electricity.
a - a +1 hand axe of electrocution (weapon)
You feel sick. The black mamba bites you!
You take 9 damage, and have 47/89 hp.
You closely miss the black mamba.
The black mamba is moderately wounded.
You feel sick. The black mamba bites you.
* * * LOW HITPOINT WARNING * * *
You are more poisoned.
The black mamba poisons you! The black mamba bites you.
* * * LOW HITPOINT WARNING * * *
You are more poisoned.
The black mamba poisons you!
You take 4 damage, and have 43/89 hp.
Okay, then.
You feel very sick. The black mamba barely misses you.
You take 3 damage, and have 40/89 hp.
Aiming: Line Pass
Press: ? - help, Dir - move target cursor The black mamba appears confused.
You feel somewhat more hungry.
You feel very sick.
You take 4 damage, and have 36/89 hp.
You now have 18/25 mp.
You catch the helpless black mamba completely off-guard!
You hit the black mamba.
The black mamba is moderately wounded.
You feel very sick.
You take 3 damage, and have 33/89 hp.
You feel very sick.
The black mamba seems less confused.
You take 3 damage, and have 30/89 hp.
You feel very sick.
You take 2 damage, and have 28/89 hp.
Your +1 hand axe of electrocution stops crackling.
Your hands tingle!
b - a +1 dagger of speed (weapon)
You feel sick. The black mamba bites you!
* * * LOW HITPOINT WARNING * * *
You are more poisoned.
The black mamba poisons you!
You take 10 damage, and have 18/89 hp.
Aiming: Line Pass
Press: ? - help, Dir - move target cursor The black mamba appears confused.
You feel somewhat more hungry.
You can no longer pass through a line of other dancers.
* * * LOW HITPOINT WARNING * * *
You feel very sick.
The black mamba hisses angrily.
The hornet buzzes angrily.
You take 4 damage, and have 14/89 hp.
You now have 15/25 mp.
You hit the black mamba.
The black mamba is heavily wounded.
* * * LOW HITPOINT WARNING * * *
You feel sick.
You take 2 damage, and have 12/89 hp.
You hit the black mamba.
You bite the black mamba, but do no damage.
The black mamba is heavily wounded.
* * * LOW HITPOINT WARNING * * *
You feel sick.
You take 1 damage, and have 11/89 hp.
Wield which item (- for none, * to show all)? (? for menu, Esc to quit)
Okay, then.
You feel better.
The black mamba seems less confused.
The black mamba bites you!
* * * LOW HITPOINT WARNING * * *
You are poisoned.
The black mamba poisons you!
You take 1 damage, and have 10/89 hp.
Okay, then.
You miss the black mamba.
The black mamba is heavily wounded.
You feel sick. The black mamba barely misses you.
Evoke which item? (* to show all) (? for menu, Esc to quit)
Aiming: Paralyse
Press: ? - help, Shift-Dir - straight line, f - black mamba
Aim: a black mamba (heavily wounded, chance to defeat MR: 66%)
The black mamba struggles to resist.
You feel sick. The black mamba closely misses you. x2
You take 2 damage, and have 8/89 hp.
Evoke which item? (* to show all) (? for menu, Esc to quit)
Aiming: Paralyse
Press: ? - help, Shift-Dir - straight line, f/p - black mamba
Aim: a black mamba (heavily wounded, chance to defeat MR: 66%)
The black mamba struggles to resist.
The bullfrog gives a loud, deep croak!
You feel sick. The black mamba misses you. The black mamba bites you.
* * * LOW HITPOINT WARNING * * *
You take 1 damage, and have 7/89 hp.
Evoke which item? (* to show all) (? for menu, Esc to quit)
Aiming: Paralyse
Press: ? - help, Shift-Dir - straight line, f/p - black mamba
Aim: a black mamba (heavily wounded, chance to defeat MR: 66%)
The black mamba struggles to resist.
* * * LOW HITPOINT WARNING * * *
You feel sick. The black mamba bites you!
You die...

# #...# ##### # ##...###
#♣P..# # P..... #P...+ #
##....# #....+ # #....#
....♣ ##### #...####
#''#
#...###...##.##♣..♣♣ ..
..........#..#♣....# ...
.............#.S@.P#y≈.P
####P.#......'...P≈#≈≈..
######....#..'...≈≈#y≈P.
..####.......'...≈≈♣≈F..
...#≈##...##.#P...P#≈P..
...≈P#P.<.#..#8....# ...
...≈P##...##.##.<.P# ..
P..≈♣♣....##########
≈..≈≈♣♣.... ∆


You could see a black mamba, a hornet and a bullfrog.

Vanquished Creatures
  Erica (D:8)
  A two-headed ogre (D:7)
  Pikel (D:8)
  Joseph (D:7)
  2 spiny frogs (Lair:2)
  A komodo dragon (Lair:2)
  The ghost of Monsterracer the Conjurer, a novice OpWz of Vehumet (D:5)
  A polar bear (Lair:2)
  2 hornets (Lair:3)
  9 blink frogs (Lair:2)
  Grinder (D:5)
  2 hippogriffs
  20 yaks
  Menkaure (Ossuary)
  Grum (D:7)
  5 water moccasins
  6 porcupines
  Duvessa (D:7)
  A slave (D:8)
  3 sky beasts (D:8)
  A black bear (Lair:1)
  An eye of draining (D:8)
  A phantom (D:5)
  3 wolves
  4 ogres
  2 centaurs
  2 crocodiles
  A big kobold (D:8)
  6 bullfrogs
  Dowan (D:7)
  A wyvern zombie (D:7)
  2 scorpions (D:7)
  3 killer bees
  A howler monkey (D:5)
  2 electric eels (Lair:3)
  3 crimson imps
  4 centaur zombies
  3 orc priests
  2 hounds (D:6)
  2 centaur skeletons (D:5)
  A jelly (D:5)
  Crazy Yiuf (D:5)
  6 orc wizards
  3 worker ants
  2 ogre zombies (Ossuary)
  6 mummies (Ossuary)
  Robin (D:3)
  8 river rats (D:8)
  12 adders
  A shadow imp (D:6)
  An adder skeleton (D:4)
  3 adder zombies
  4 dart slugs
  6 leopard geckos
  21 orcs
  4 giant cockroaches
  16 goblins
  13 hobgoblins
  17 jackals
  A quokka (D:6)
  2 ball pythons
  3 bats
  4 frilled lizards
  5 goblin zombies (Ossuary)
  9 hobgoblin zombies (Ossuary)
  A jackal skeleton (D:4)
  11 kobolds
  4 kobold zombies (Ossuary)
  2 leopard gecko skeletons
  A quokka zombie (Ossuary)
  21 rats
  4 rat zombies (Ossuary)
  A plant (Lair:3)
301 creatures vanquished.

Vanquished Creatures (others)
  2 slaves (D:8)
  An adder zombie (D:8)
  6 fungi
  5 plants
14 creatures vanquished.

Grand Total: 315 creatures vanquished

Notes
Turn   | Place    | Note
-------+----------+-------------------------------------------
     0 | D:1      | Monsterracer the Gnoll Wizard began the quest for the Orb.
     0 | D:1      | Reached XP level 1. HP: 13/13 MP: 8/8
   368 | D:1      | Reached XP level 2. HP: 19/19 MP: 7/10
   773 | D:1      | Reached XP level 3. HP: 24/25 MP: 4/11
   785 | D:1      | Learned a level 2 spell: Blink
   789 | D:1      | Learned a level 3 spell: Conjure Flame
   793 | D:1      | Learned a level 3 spell: Mephitic Cloud
  1194 | D:2      | Reached skill level 1 in Invocations
  1256 | D:2      | Reached skill level 1 in Fighting
  1256 | D:2      | Reached skill level 1 in Short Blades
  1256 | D:2      | Reached skill level 1 in Long Blades
  1256 | D:2      | Reached skill level 1 in Axes
  1256 | D:2      | Reached skill level 1 in Maces & Flails
  1256 | D:2      | Reached skill level 1 in Polearms
  1256 | D:2      | Reached skill level 1 in Staves
  1256 | D:2      | Reached skill level 1 in Slings
  1256 | D:2      | Reached skill level 1 in Bows
  1256 | D:2      | Reached skill level 1 in Crossbows
  1256 | D:2      | Reached skill level 1 in Throwing
  1256 | D:2      | Reached skill level 1 in Armour
  1256 | D:2      | Reached skill level 1 in Shields
  1256 | D:2      | Reached skill level 1 in Unarmed Combat
  1256 | D:2      | Reached skill level 1 in Evocations
  1286 | D:2      | Reached XP level 4. HP: 31/32 MP: 7/13
  2432 | D:3      | Found a shattered altar of Ashenzari.
  2454 | D:3      | HP: 16/32 [hobgoblin/rapier (3)]
  2559 | D:3      | Found a hide-covered altar of Uskayaw.
  2561 | D:3      | Found a glowing silver altar of Zin.
  2567 | D:3      | Became a worshipper of Uskayaw the Reveler
  2571 | D:3      | Reached * piety under Uskayaw
  2585 | D:3      | Reached skill level 1 in Hexes
  2585 | D:3      | Reached skill level 1 in Charms
  2585 | D:3      | Reached skill level 1 in Necromancy
  2585 | D:3      | Reached skill level 1 in Transmutations
  2585 | D:3      | Reached skill level 1 in Fire Magic
  2585 | D:3      | Reached skill level 1 in Ice Magic
  2585 | D:3      | Reached skill level 1 in Air Magic
  2585 | D:3      | Reached skill level 1 in Earth Magic
  2585 | D:3      | Reached skill level 1 in Poison Magic
  2863 | D:3      | Reached XP level 5. HP: 37/37 MP: 9/14
  2864 | D:3      | Reached ** piety under Uskayaw
  2966 | D:3      | Noticed Robin
  3177 | D:3      | Killed Robin
  3692 | D:4      | Reached *** piety under Uskayaw
  3792 | D:4      | Reached XP level 6. HP: 43/44 MP: 11/16
  4068 | D:4      | Reached skill level 5 in Dodging
  4624 | D:5      | Entered Level 5 of the Dungeon
  4658 | D:5      | Reached XP level 7. HP: 40/50 MP: 0/18
  4781 | D:5      | Found a runed door.
  4805 | D:5      | Found a staircase to the Ecumenical Temple.
  4863 | D:5      | Noticed Crazy Yiuf
  4867 | D:5      | Killed Crazy Yiuf
  4988 | D:5      | Noticed Grinder
  5006 | D:5      | Killed Grinder
  5006 | D:5      | Reached skill level 5 in Stealth
  5006 | D:5      | Reached XP level 8. HP: 34/57 MP: 16/19
  5058 | D:5      | Noticed Monsterracer's ghost (novice OpWz)
  5124 | D:5      | HP: 23/57 [iron imp[Monsterracer's ghost] (7)]
  5129 | D:5      | HP: 20/57 [iron imp[Monsterracer's ghost] (4)]
  5136 | D:5      | HP: 22/57 [poisoned by Monsterracer's ghost]
  5144 | D:5      | HP: 24/57 [poisoned by Monsterracer's ghost]
  5167 | D:5      | HP: 20/57 [Monsterracer's ghost/magic dart (10)]
  5172 | D:5      | HP: 15/57 [poisoned by Monsterracer's ghost]
  5177 | D:4      | HP: 13/57 [poisoned by Monsterracer's ghost]
  5182 | D:4      | HP: 12/57 [poisoned by Monsterracer's ghost]
  5188 | D:4      | HP: 12/57 [poisoned by Monsterracer's ghost]
  5194 | D:4      | HP: 14/57 [poisoned by Monsterracer's ghost]
  5202 | D:4      | HP: 17/57 [poisoned by Monsterracer's ghost]
  5289 | D:5      | Killed Monsterracer's ghost
  5396 | D:5      | Found an ancient bone altar of Kikubaaqudgha.
  5404 | D:5      | Found a white marble altar of Elyvilon.
  5560 | D:5      | Found a sparkling altar of Nemelex Xobeh.
  5710 | D:6      | Reached skill level 8 in Spellcasting
  5765 | D:6      | Got a crude short sword
  5766 | D:6      | Identified the cursed +0 short sword of Melee {venom, *Contam Str-3 Dex+8 Stlth+} (You found it on level 6 of the Dungeon)
  6140 | D:6      | Found a sand-covered staircase.
  6146 | Ossuary  | Entered an ossuary
  6219 | Ossuary  | HP: 29/59 [ogre zombie (9)]
  6221 | Ossuary  | Reached XP level 9. HP: 32/65 MP: 13/21
  6611 | Ossuary  | Noticed Menkaure
  6632 | Ossuary  | HP: 23/65 [mummy (16)]
  6642 | Ossuary  | HP: 28/65 [mummy (1)]
  6647 | Ossuary  | HP: 24/65 [mummy (6)]
  6652 | Ossuary  | HP: 7/65 [mummy (14)]
  6828 | Ossuary  | HP: 28/65 [mummy (11)]
  6830 | Ossuary  | Killed Menkaure
  6839 | Ossuary  | HP: 23/65 [mummy (11)]
  6845 | Ossuary  | HP: 20/65 [mummy (6)]
  6850 | Ossuary  | HP: 16/65 [mummy (7)]
  7293 | D:7      | Got a pitted ring mail
  7304 | D:7      | Identified the +3 ring mail of Dice, Bag, and Bottle {Str+2} (You found it on level 7 of the Dungeon)
  7362 | D:7      | Noticed Joseph
  7376 | D:7      | Noticed Duvessa
  7386 | D:7      | Noticed Dowan
  7386 | D:7      | HP: 31/65 [wyvern zombie (6)]
  7417 | D:7      | Killed Duvessa
  7423 | D:7      | HP: 31/65 [orc priest/nerve-wracking pain (10)]
  7523 | D:7      | Killed Dowan
  7557 | D:7      | Killed Joseph
  8197 | D:8      | Reached skill level 5 in Invocations
  8333 | D:8      | Noticed Pikel
  8337 | D:8      | Noticed a two-headed ogre
  8344 | D:8      | Noticed Grum
  8347 | D:8      | Noticed Erica
  8369 | D:7      | HP: 33/66 [two-headed ogre/giant club (7)]
  8372 | D:7      | HP: 15/66 [two-headed ogre/giant club (16)]
  8378 | D:7      | HP: 17/66 [poisoned by a killer bee]
  8410 | D:7      | HP: 28/66 [two-headed ogre/giant club (8)]
  8412 | D:7      | Killed a two-headed ogre
  8412 | D:7      | Reached XP level 10. HP: 33/73 MP: 1/22
  8542 | D:8      | Reached skill level 5 in Fighting
  8542 | D:8      | Reached skill level 5 in Short Blades
  8542 | D:8      | Reached skill level 5 in Long Blades
  8542 | D:8      | Reached skill level 5 in Axes
  8542 | D:8      | Reached skill level 5 in Maces & Flails
  8542 | D:8      | Reached skill level 5 in Polearms
  8542 | D:8      | Reached skill level 5 in Staves
  8542 | D:8      | Reached skill level 5 in Slings
  8542 | D:8      | Reached skill level 5 in Bows
  8542 | D:8      | Reached skill level 5 in Crossbows
  8542 | D:8      | Reached skill level 5 in Throwing
  8542 | D:8      | Reached skill level 5 in Armour
  8542 | D:8      | Reached skill level 5 in Shields
  8542 | D:8      | Reached skill level 5 in Unarmed Combat
  8542 | D:8      | Reached skill level 5 in Evocations
  8544 | D:8      | HP: 37/74 [orc priest/divine providence (9)]
  8716 | D:8      | Killed Pikel
  8807 | D:7      | Reached skill level 9 in Spellcasting
  8850 | D:8      | HP: 37/74 [killer bee (4)]
  8855 | D:8      | HP: 36/74 [poisoned by a killer bee]
  8860 | D:8      | HP: 37/74 [poisoned by a killer bee]
  8955 | D:7      | Killed Grum
  9083 | D:8      | Killed Erica
  9083 | D:8      | Reached skill level 5 in Conjurations
  9083 | D:8      | Reached skill level 5 in Summonings
  9083 | D:8      | Reached skill level 5 in Translocations
  9362 | D:8      | Found a staircase to the Lair.
  9463 | D:8      | Reached **** piety under Uskayaw
  9470 | D:8      | Reached ***** piety under Uskayaw
  9541 | Lair:1   | Entered Level 1 of the Lair of Beasts
  9612 | Lair:1   | Reached XP level 11. HP: 69/81 MP: 16/24
  9623 | Lair:1   | HP: 33/81 [porcupine's spines (9)]
  9630 | Lair:1   | HP: 21/81 [yak (4)]
  9637 | Lair:1   | HP: 23/81 [yak (2)]
  9643 | Lair:1   | HP: 21/81 [yak (6)]
  9644 | Lair:1   | HP: 4/81 [yak (13)]
  9652 | Lair:1   | HP: 7/81 [yak (1)]
  9684 | D:8      | HP: 21/81 [yak (7)]
  9685 | D:8      | HP: 7/81 [yak (14)]
  9697 | D:8      | HP: 9/81 [yak (6)]
 10076 | Lair:1   | Learned a level 4 spell: Olgreb's Toxic Radiance
 10133 | Lair:1   | Reached skill level 5 in Hexes
 10133 | Lair:1   | Reached skill level 5 in Charms
 10133 | Lair:1   | Reached skill level 5 in Necromancy
 10133 | Lair:1   | Reached skill level 5 in Transmutations
 10133 | Lair:1   | Reached skill level 5 in Fire Magic
 10133 | Lair:1   | Reached skill level 5 in Ice Magic
 10133 | Lair:1   | Reached skill level 5 in Air Magic
 10133 | Lair:1   | Reached skill level 5 in Earth Magic
 10133 | Lair:1   | Reached skill level 5 in Poison Magic
 10641 | Lair:2   | HP: 39/81 [porcupine (10)]
 10951 | Lair:2   | HP: 34/82 [porcupine (11)]
 10957 | Lair:2   | HP: 37/82 [water moccasin (1)]
 10963 | Lair:2   | HP: 33/83 [poisoned by a water moccasin]
 10968 | Lair:2   | HP: 34/83 [poisoned by a water moccasin]
 10973 | Lair:2   | HP: 35/83 [poisoned by a water moccasin]
 10980 | Lair:2   | HP: 37/83 [poisoned by a water moccasin]
 10988 | Lair:2   | HP: 40/83 [poisoned by a water moccasin]
 11134 | Lair:2   | Learned a level 1 spell: Apportation
 11533 | Lair:3   | Reached XP level 12. HP: 77/89 MP: 25/25
 11544 | Lair:3   | HP: 44/89 [electric eel/bolt of electricity (5)]
 11739 | Lair:3   | HP: 44/89 [black mamba (3)]
 11744 | Lair:3   | HP: 28/89 [poisoned by a black mamba]
 11747 | Lair:3   | HP: 12/89 [poisoned by a black mamba]
 11752 | Lair:3   | HP: 8/89 [poisoned by a black mamba]
 11753 | Lair:3   | Slain by a black mamba

Skill      XL: |  1  2  3  4  5  6  7  8  9 10 11 |
---------------+----------------------------------+-----
Conjurations   | 2 3 4 5 6 |  6.1
Summonings     | 2 3 4 5 6 |  6.1
Translocations | 2 3 4 5 6 |  6.1
Invocations    | 1 2 3 4 5 6 7 |  7.5
Fighting       | 1 2 3 4 5 6 |  6.8
Short Blades   | 1 2 3 4 5 6 |  6.8
Long Blades    | 1 2 3 4 5 6 |  6.8
Axes           | 1 2 3 4 5 6 |  6.8
Maces & Flails | 1 2 3 4 5 6 |  6.8
Polearms       | 1 2 3 4 5 6 |  6.8
Staves         | 1 2 3 4 5 6 |  6.8
Slings         | 1 2 3 4 5 6 |  6.8
Bows           | 1 2 3 4 5 6 |  6.8
Crossbows      | 1 2 3 4 5 6 |  6.8
Throwing       | 1 2 3 4 5 6 |  6.8
Armour         | 1 2 3 4 5 6 |  6.8
Shields        | 1 2 3 4 5 6 |  6.8
Unarmed Combat | 1 2 3 4 5 6 |  6.8
Evocations     | 1 2 3 4 5 6 |  6.8
Hexes          | 1 2 3 4 5 |  5.6
Charms         | 1 2 3 4 5 |  5.6
Necromancy     | 1 2 3 4 5 |  5.6
Transmutations | 1 2 3 4 5 |  5.6
Fire Magic     | 1 2 3 4 5 |  5.6
Ice Magic      | 1 2 3 4 5 |  5.6
Air Magic      | 1 2 3 4 5 |  5.6
Earth Magic    | 1 2 3 4 5 |  5.6
Poison Magic   | 1 2 3 4 5 |  5.6
Dodging        | 5 6 7 8 |  8.3
Stealth        | 5 6 7 8 |  8.1
Spellcasting   | 8 9 |  9.9

Action                   |  1- 3 |  4- 6 |  7- 9 | 10-12 || total
-------------------------+-------+-------+-------+-------++-------
Melee: Spear             |    16 |     4 |       |       ||    20
       Bite              |     2 |    11 |    64 |    43 ||   120
       Trident           |       |    24 |       |       ||    24
       Rapier            |       |   127 |    15 |       ||   142
       Dagger            |       |    22 |    12 |    46 ||    80
       Quarterstaff      |       |       |    58 |       ||    58
       Short sword       |       |       |   411 |   214 ||   625
       Hand axe          |       |       |     5 |   106 ||   111
       Punch             |       |       |    11 |     7 ||    18
 Cast: Magic Dart        |    61 |   113 |    57 |    31 ||   262
       Mephitic Cloud    |       |     4 |     6 |     8 ||    18
       Conjure Flame     |       |     1 |     6 |     3 ||    10
       Blink             |       |       |     7 |     7 ||    14
       Olgreb's Toxic Ra |       |       |       |     2 ||     2
Invok: Stomp             |       |     2 |     1 |    11 ||    14
       Line Pass         |       |     1 |     1 |     2 ||     4
Evoke: Wand              |       |       |       |     3 ||     3
  Use: Scroll            |    11 |     5 |     8 |     8 ||    32
       Potion            |       |       |       |     1 ||     1
 Stab: Sleeping          |     2 |       |    35 |     4 ||    41
       Confused          |       |     3 |     2 |     9 ||    14
       Paralysed         |       |     1 |     2 |    21 ||    24
       Distracted        |       |       |     1 |       ||     1
  Eat: Chunk             |     1 |     7 |     7 |    13 ||    28
       Ration            |       |     1 |     2 |       ||     3
Armor: Robe              |     6 |    15 |       |       ||    21
       Animal skin       |       |    45 |    57 |       ||   102
       Ring mail         |       |       |    56 |   151 ||   207
Dodge: Dodged            |    29 |   158 |   330 |   266 ||   783

Vault maps used:
D:1:      lightli_arrival_boilingwater
D:3:      chequers_temple_overflow_statue_of_worship, ashenzari_altar_1,
          uniq_robin
D:4:      minmay_bisected
D:5:      lemuel_doored_altar, lemuel_crystal_altar,
          minmay_temple_entry_junction, first_ration,
          nemelex_spade_bored_becter, uniq_crazy_yiuf_cottage, uniq_grinder
D:6:      nicolae_ossuary_entry_plus, kennysheep_generic_room_7
D:7:      uniq_joseph, uniq_duvessa
D:8:      dpeg_oklobed_lair, dk_rats_in_the_wall, uniq_grum, uniq_erica,
          uniq_pikel
Lair:2:   lemuel_old_faithful
Lair:3:   cheibrodos_lair_overgrown_chateau,
          nicolae_swamp_entry_splash_gauntlet, serial_bayou_ford_a
Ossuary:  ossuary_boxes_badplayer
